 Dungeon Crawl Stone Soup version 0.23.1-37-gaa34b87 (webtiles) character file.

Game seed: 16795199490200889199

853 Fang the Skirmisher (level 8, -1/51 HPs)
             Began as a Gargoyle Berserker on Mar 27, 2019.
             Was a Priest of Trog.
             Killed by nerve-wracking pain
             ... invoked by Grinder
              (4 damage)
             ... on level 5 of the Dungeon.
             The game lasted 00:05:00 (4459 turns).

Fang the Skirmisher (Gargoyle Berserker)            Turns: 4459, Time: 00:05:00

Health: -1/51      AC: 21    Str: 25 (28) XL:     8   Next: 1%
Magic:  8/8        EV:  6    Int: 12 (13) God:    Trog [***...]
Gold:   220        SH:  0    Dex:  8 (9)  Spells: 7/7 levels left

rFire    . . .     SeeInvis .   a - +0 hand axe
rCold    . . .     Gourm    .   (no shield)
rNeg     + . .     Faith    .   r - +0 plate armour
rPois    ∞         Spirit   .   (no helmet)
rElec    +         Reflect  .   (no cloak)
rCorr    .         Harm     .   (no gloves)
MR       .....                  o - +2 pair of boots
Stlth    ..........             s - amulet of rage
HPRegen  0.17/turn              n - -2 ring of evasion (curse)
MPRegen  0.11/turn              (no ring)

@: mighty, brilliant, berserk cooldown
A: negative energy resistance 1, electricity resistance, unbreathing,
petrification resistance, rot immunity, AC +5
a: Berserk, Trog's Hand, Renounce Religion, Evoke Berserk Rage


You were on level 5 of the Dungeon.
You worshipped Trog.
Trog was most pleased with you.
You were not hungry.

You visited 2 branches of the dungeon, and saw 6 of its levels.

You collected 220 gold pieces.

Inventory:

Hand Weapons
 a - a +0 hand axe (weapon)
Armour
 o - a +2 pair of boots (worn)
 r - a +0 plate armour (worn)
Jewellery
 n - a cursed -2 ring of evasion (left hand)
 s - an amulet of rage (around neck)
Scrolls
 b - a scroll of magic mapping {unknown}
 d - 3 scrolls of remove curse {unknown}
 e - a scroll of noise {unknown}
 f - a scroll of enchant armour {unknown}
 g - 3 scrolls of teleportation {unknown}
 h - 2 scrolls of identify {unknown}
 i - 2 scrolls of enchant weapon {unknown}
 m - a scroll of amnesia {unknown}
 t - a scroll of immolation {unknown}
 v - a scroll of fear {unknown}
 x - a scroll of random uselessness {unknown}
Potions
 j - a potion of brilliance
 k - a potion of degeneration
 l - a potion of resistance {unknown}
 p - 3 potions of might
 q - a potion of curing {unknown}
 u - a potion of ambrosia {unknown}
Comestibles
 c - 10 rations


   Skills:
 + Level 5.7 Fighting
 + Level 4.7 Axes
 + Level 5.2 Armour
 + Level 3.9 Dodging


You had 7 spell levels left.
You didn't know any spells.
Your spell library was empty.

Dungeon Overview and Level Annotations

Branches:
Dungeon (5/15)             Temple (1/1) D:4

Altars:
Cheibriados
Dithmenos
Kikubaaqudgha
Trog
Uskayaw
Vehumet
Yredelemnul

Annotations:
D:5 Grinder


Innate Abilities, Weirdness & Mutations

You are resistant to torment.
Your stone body is resilient. (AC +5)
You are immune to poison.
You resist negative energy. (rN+)
You are resistant to electric shocks. (rElec)
You can survive without breathing.
You are immune to petrification.
You are immune to rotting.


Message History

* * * LOW HITPOINT WARNING * * *
Grinder says, "Mostly I couldn't keep them alive."
Grinder hits you.
* * * LOW HITPOINT WARNING * * *
It was a potion of brilliance.
You feel clever all of a sudden. Grinder gestures at you.
You resist with some effort.
It was a potion of degeneration.
There was something very wrong with that liquid.
You feel weakened.
You feel dopey.
You feel clumsy. Grinder hits you but does no damage.
Drop what? 23/52 slots (_ for help) (? for menu, Esc to quit)
Okay, then.
Grinder barely misses you.
You closely miss Grinder.
Grinder is heavily wounded.
Grinder gestures at you. Pain shoots through your body!
You die...

#.).).#.....#
#.))).####+###
#............#
#............#
#............#
#............#
#............#
#......5.....#
#...$..@.....#
#............#
#............#
#............#
#............#
#............#
#............#
#............#


You could see Grinder.

Vanquished Creatures
  Sigmund (D:2)
  Menkaure (D:3)
  An ogre (D:5)
  The ghost of frankcastle the Chopper, an amateur FoFi (D:3)
  2 howler monkeys (D:4)
  A gnoll shaman (D:5)
  An orc priest (D:3)
  An iguana (D:4)
  A worker ant (D:4)
  A mummy (D:3)
  4 gnolls (D:5)
  8 adders
  An ooze (D:2)
  An adder skeleton (D:3)
  3 worms
  2 dart slugs
  2 leopard geckos
  5 orcs
  3 giant cockroaches
  6 goblins
  5 hobgoblins
  10 jackals
  6 kobolds
  4 ball pythons
  12 bats
  5 frilled lizards
  A leopard gecko skeleton (D:4)
  A quokka skeleton (D:3)
  5 rats
95 creatures vanquished.

Notes
Turn   | Place    | Note
-------+----------+-------------------------------------------
     0 | D:1      | Fang the Gargoyle Berserker began the quest for the Orb.
     0 | D:1      | Reached XP level 1. HP: 14/14 MP: 1/1
    91 | D:1      | Reached XP level 2. HP: 13/19 MP: 2/2
   591 | D:1      | Reached XP level 3. HP: 23/23 MP: 3/3
   997 | D:1      | Reached ** piety under Trog
  1464 | D:2      | Reached XP level 4. HP: 28/29 MP: 4/4
  1945 | D:2      | Noticed Sigmund
  1967 | D:2      | Killed Sigmund
  1967 | D:2      | Reached XP level 5. HP: 34/34 MP: 5/5
  1967 | D:2      | Reached XP level 6. HP: 39/39 MP: 6/6
  2500 | D:3      | Found a transporter.
  2517 | D:3      | Found an ancient bone altar of Kikubaaqudgha.
  2524 | D:3      | Noticed Menkaure
  2529 | D:3      | Found a basalt altar of Yredelemnul.
  2532 | D:3      | Found a transporter.
  2574 | D:3      | Killed Menkaure
  2792 | D:3      | Found a shadowy altar of Dithmenos.
  2813 | D:3      | Found a radiant altar of Vehumet.
  2816 | D:3      | Reached *** piety under Trog
  2826 | D:3      | Reached skill level 5 in Fighting
  2994 | D:3      | Noticed frankcastle's ghost (amateur FoFi)
  3004 | D:3      | Found a runed translucent gate.
  3004 | D:3      | Found a runed translucent gate.
  3006 | D:3      | Found a runed translucent gate.
  3026 | D:3      | Reached XP level 7. HP: 44/44 MP: 7/7
  3031 | D:3      | Killed frankcastle's ghost
  3334 | D:4      | Found a staircase to the Ecumenical Temple.
  3371 | Temple   | Entered the Ecumenical Temple
  4234 | D:5      | Entered Level 5 of the Dungeon
  4265 | D:5      | Reached skill level 5 in Armour
  4266 | D:5      | Found a hide-covered altar of Uskayaw.
  4301 | D:5      | Found a snail-covered altar of Cheibriados.
  4302 | D:5      | Found a bloodstained altar of Trog.
  4374 | D:5      | Noticed Grinder
  4394 | D:5      | Paralysed by Grinder for 6 turns
  4404 | D:5      | Reached XP level 8. HP: 32/51 MP: 8/8
  4419 | D:5      | Paralysed by Grinder for 6 turns
  4445 | D:5      | Paralysed by Grinder for 5 turns
  4459 | D:5      | Killed from afar by Grinder

Skill      XL: |  1  2  3  4  5  6  7 |
---------------+----------------------+-----
Dodging        | 2 3 |  3.9
Axes           | 3 4 |  4.7
Armour         | 3 4 5 |  5.2
Fighting       | 4 5 |  5.7

Action                   |  1- 3 |  4- 6 |  7- 9 || total
-------------------------+-------+-------+-------++-------
Melee: Hand axe          |   135 |   113 |   147 ||   395
Invok: Berserk           |     1 |     3 |     2 ||     6
       Trog's Hand       |       |       |     1 ||     1
  Use: Potion            |       |       |     3 ||     3
  Eat: Chunk             |     3 |     5 |     4 ||    12
       Ration            |       |     1 |     1 ||     2
Armor: Animal skin       |    81 |    13 |       ||    94
       Plate armour      |       |    75 |   170 ||   245
Dodge: Dodged            |   143 |    36 |    56 ||   235
